 Dungeon Crawl Stone Soup version 0.30-a0-1053-gbd8d5ba0ad (webtiles) character file.

Game seed: 3513011544057469481

159 qeuew the Trooper (level 5, 0/47 HPs)
             Began as a Hill Orc Fighter on Apr 11, 2023.
             Killed from afar by Ijyb (6 damage)
             ... with a puff of flame
             ... on level 3 of the Dungeon.
             The game lasted 00:03:45 (2158 turns).

qeuew the Trooper (Hill Orc Fighter)                Turns: 2158, Time: 00:03:46

Health: 0/47       AC: 10    Str: 19    XL:     5   Next: 40%
Magic:  5/5        EV:  9    Int:  8    God:
Gold:   178        SH: 10    Dex: 12    Spells: 4/4 levels left

rFire   . . .      SeeInvis .    a - +0 war axe
rCold   . . .      Faith    .    c - +0 buckler
rNeg    . . .      Spirit   .    b - +0 scale mail
rPois   .          Reflect  +    (no helmet)
rElec   .          Rampage  .    (no cloak)
rCorr   .                        i - +2 pair of gloves
Will    .....                    (no boots) Stlth
                                 k - amulet of reflection
HPRegen 0.27/turn                (no ring)
MPRegen 0.09/turn                (no ring)

@: mighty
A: no striking features
a: no special abilities


You were on level 3 of the Dungeon.
You visited 1 branch of the dungeon, and saw 3 of its levels.

You collected 178 gold pieces.

Inventory:

Hand Weapons
 a - a +0 war axe (weapon)
Armour
 b - a +0 scale mail (worn)
 c - a +0 buckler (worn)
 i - a +2 pair of gloves (worn)
Jewellery
 k - an amulet of reflection (around neck)
Scrolls
 e - a scroll of torment {unknown}
Potions
 f - a potion of resistance {unknown}
 g - 2 potions of cancellation
 h - 2 potions of curing {unknown}
 j - a potion of attraction {unknown}
 n - a potion of flight


   Skills:
 * Level 4.6 Fighting
 * Level 4.1 Axes
 * Level 4.2 Armour
 + Level 1.0 Dodging
 * Level 4.2 Shields


You had 4 spell levels left.
You didn't know any spells.
Your spell library contained the following spells:

 Spells                   Type           Power      Damage    Failure   Level
 Sting                    Tmut/Pois      0%         1d3       86%         1
 Lesser Beckoning         Tloc           0%         N/A       94%         2
 Poisonous Vapours        Pois/Air       0%         N/A       94%         2
 Gell's Gravitas          Tloc           0%         N/A       99%         3
 Teleport Other           Tloc           0%         N/A       99%         3
 Olgreb's Toxic Radiance  Pois           0%         N/A       100%        4


Dungeon Overview and Level Annotations

Branches:
Dungeon (3/15)

Altars:
Okawaru

Shops:
D:3 (

Annotations:
D:3 Ijyb


Message History

You kill the adder!
No target in view!
No target in view!
No target in view!
Found 5 stones.
You see here an adder corpse.
You see here 5 stones.
Found a leather armour.
Ijyb the Twisted Goblin comes into view.
She is wielding a +0 club and carrying a wand of flame (21).
Ijyb is nearby!
You barely miss Ijyb. You block Ijyb's attack.
You hit Ijyb but do no damage.
Ijyb zaps a wand.
The puff of flame hits you.
You closely miss Ijyb. Ijyb hits you with a +0 club.
You slash Ijyb!
Ijyb is moderately wounded.
Ijyb screams, "It's all mine!"
Ijyb zaps a wand.
The puff of flame hits you. Ijyb hits you with a +0 club.
You hit Ijyb.
Ijyb is heavily wounded.
Ijyb zaps a wand.
The puff of flame hits you!
You are too injured to fight recklessly!
Ijyb is nearby!
Ijyb is nearby!
You are too injured to fight recklessly!
Ijyb is nearby!
You are too injured to fight recklessly!
You completely miss Ijyb.
Ijyb is heavily wounded.
Ijyb zaps a wand.
The puff of flame hits you.
Ijyb zaps a wand.
The puff of flame hits you!
* * * LOW HITPOINT WARNING * * *
You slash Ijyb!
Ijyb is almost dead.
Ijyb hits you but does no damage.
You barely miss Ijyb.
Ijyb is almost dead.
Ijyb hits you but does no damage.
You feel very mighty all of a sudden.
Ijyb zaps a wand.
The puff of flame hits you.
You die...

###.####..........#.# #..
#....###.........)'.# #..
#......#..........### #.# #..
#...##............# #.# #..
#...##.......#.#########.###..
#...###......#.##[. ..##.#...#
##### #......#.##.###.##.#.###
#......g.##.#...##.#...#
....####@.............#.#
.....#####....#........#.#
.....#......###..###......
#...........###(....#
#......####.##....... #......#
#.##..####† #......# #.##..#
#. #......# #.##..# #.
........# #.##..# ##


You could see Ijyb.

Vanquished Creatures
  Jessica (D:2)
  Terence (D:2)
  Robin (D:3)
  3 adders
  2 worms
  2 dart slugs (D:3)
  8 bats
  2 endoplasms
  3 giant cockroaches
  10 goblins (D:3)
  9 hobgoblins
  2 jackals (D:3)
  4 kobolds
  5 quokkas
  4 ball pythons
  2 frilled lizards
  A rat (D:2)
60 creatures vanquished.

Notes
Turn   | Place    | Note
-------+----------+-------------------------------------------
     0 | D:1      | qeuew the Hill Orc Fighter began the quest for the Orb.
     0 | D:1      | Reached XP level 1. HP: 19/19 MP: 1/1
   239 | D:1      | Reached XP level 2. HP: 27/27 MP: 2/2
   872 | D:2      | Found a faded altar of an unknown god.
  1014 | D:2      | Reached XP level 3. HP: 19/33 MP: 3/3
  1253 | D:2      | Noticed Terence
  1259 | D:2      | Killed Terence
  1260 | D:2      | Reached XP level 4. HP: 34/40 MP: 4/4
  1388 | D:2      | Noticed Jessica
  1393 | D:2      | Killed Jessica
  1509 | D:2      | Found an iron altar of Okawaru.
  1850 | D:3      | Noticed Robin
  1857 | D:3      | Killed Robin
  1858 | D:3      | Reached XP level 5. HP: 47/47 MP: 5/5
  1869 | D:3      | Reached skill level 1 in Dodging
  2004 | D:3      | Found Suva's Weapon Emporium.
  2146 | D:3      | Noticed Ijyb
  2158 | D:3      | Killed from afar by Ijyb

Illustrated notes

Levels and vault maps discovered:
D:1:      sevenhm_arrival_forest_fort_small_4, layout_basic
D:2:      minmay_chambers_of_ones, layout_loops_cross, basic_ecumenical_altar,
          basic_altar, grunt_decor_fettered, kennysheep_generic_room_5,
          uniq_jessica, uniq_terence
D:3:      layout_basic, marbit_many_paths, serial_shops, shop, uniq_ijyb,
          uniq_robin, uniq_crazy_yiuf_cottage

Skill      XL: |  1  2  3  4  5 |
---------------+----------------+-----
Axes           | 3 4 |  4.1
Fighting       | 4 |  4.6
Armour         | 4 |  4.2
Shields        | 4 |  4.2
Dodging        | 1 |  1.0

Action                     |  1- 3 |  4- 6 || total
---------------------------+-------+-------++-------
  Melee: War axe           |    88 |    71 ||   159
    Use: Scroll            |     2 |     4 ||     6
         Potion            |       |     4 ||     4
 Armour: Scale mail        |    43 |    35 ||    78
  Dodge: Dodged            |    37 |    26 ||    63
  Block: Buckler           |    19 |    25 ||    44

Table legend: (Time is in decaauts)
 A = Elapsed time spent in this place.
 B = Non-inter-level travel time spent in this place.
 C = Inter-level travel time spent in this place.
 D = Time resting spent in this place.
 E = Time spent auto-exploring this place.
 F = Levels seen in this place.
 G = Mean time per level.
                   A        B        C        D        E       F      G
               +--------+--------+--------+--------+--------+-----+--------+
         Total |   2223 |   2107 |    116 |      0 |   1699 |   3 |  741.0 |
       Dungeon |   2223 |   2107 |    116 |      0 |   1699 |   3 |  741.0 |
               +--------+--------+--------+--------+--------+-----+--------+

Top non-repeatable levels by time:
     D:2: 1023 daAuts
     D:1: 746 daAuts
     D:3: 453 daAuts
